 Dungeon Crawl Stone Soup version 0.27.1-33-g824d729ab1 (webtiles) character file.

Game seed: 2338486931169513387

403 alasdair19 the Slasher (level 6, -3/56 HPs)
             Began as a Minotaur Fighter on Dec 29, 2021.
             Slain by Edmund (8 damage)
             ... on level 4 of the Dungeon.
             The game lasted 00:18:33 (4375 turns).

alasdair19 the Slasher (Minotaur Fighter)           Turns: 4375, Time: 00:18:33

Health: -3/56      AC:  7    Str: 28    XL:     6   Next: 55%
Magic:  5/5        EV:  8    Int:  5    God:
Gold:   62         SH: 10    Dex: 10    Spells: 5/5 levels left

rFire    . . .     SeeInvis .   e - +0 scimitar
rCold    . . .     Faith    .   c - +0 kite shield
rNeg     . . .     Spirit   .   b - +0 scale mail
rPois    .         Reflect  .   (helmet restricted)
rElec    .         Harm     .   (no cloak)
rCorr    .         Rampage  .   (no gloves)
Will     .....                  (no boots)
Stlth    ..........             (no amulet)
HPRegen  0.18/turn              k - +6 ring of strength
MPRegen  0.09/turn              (no ring)

@: no status effects
A: horns 2, retaliatory headbutt
a: no special abilities


You were on level 4 of the Dungeon.
You visited 1 branch of the dungeon, and saw 4 of its levels.

You collected 118 gold pieces.
You spent 56 gold pieces at shops.

Inventory:

Hand Weapons
 a - a +0 long sword
 e - a +0 scimitar (weapon)
 q - a +0 hunting sling of flaming
 v - a +0 hunting sling
Missiles
 m - 40 stones
 n - 62 bolts
 r - a throwing net (quivered)
 u - 2 sling bullets
Armour
 b - a +0 scale mail (worn)
 c - a +0 kite shield (worn)
 h - a +2 pair of boots
Jewellery
 k - a +6 ring of strength (left hand)
Scrolls
 f - 6 scrolls of identify {unknown}
 o - a scroll of immolation {unknown}
 p - 2 scrolls of teleportation {unknown}
 s - a scroll of enchant armour {unknown}
Potions
 d - a potion of ambrosia {unknown}
 g - a potion of curing
 i - a potion of haste {unknown}
 j - a potion of cancellation {unknown}
 l - a potion of berserk rage {unknown}
 t - a potion of might


   Skills:
 + Level 5.1 Fighting
 + Level 5.8 Long Blades
 + Level 0.5 Slings
 + Level 0.1(0.2) Throwing
 - Level 4.4 Armour
 - Level 1.1 Dodging
 - Level 0.2 Stealth
 + Level 5.1 Shields


You had 5 spell levels left.
You didn't know any spells.
Your spell library contained the following spells:

 Spells                   Type           Power      Damage    Failure   Level
 Corpse Rot               Necr/Air       N/A        N/A       99%         2
 Dispel Undead            Necr           0%         3d6       100%        4
 Death Channel            Necr           0%         N/A       100%        6


Dungeon Overview and Level Annotations

Branches:
Dungeon (4/15)
 Temple: D:4-7

Altars:

Shops:
D:4 (

Annotations:
D:3 1 runed translucent door, ioannis32's ghost, amateur DsBe
D:4 Edmund


Innate Abilities, Weirdness & Mutations

You have a pair of horns on your head.
You reflexively headbutt those who attack you in melee.


Message History

Fire: 43 stones
Press: ? - help, Q - select action, (/) - cycle Shift-Dir - straight line, f - Edmund
Aim: Edmund, wielding a +2 vorpal dire flail and wearing a +0 scale mail (61% to hit)
You shoot a stone. The stone barely misses Edmund.
Fire: 42 stones
Press: ? - help, Q - select action, (/) - cycle Shift-Dir - straight line, f/p - Edmund
Aim: Edmund, wielding a +2 vorpal dire flail and wearing a +0 scale mail (61% to hit)
You shoot a stone.
The stone hits Edmund but does no damage.
Fire: 41 stones
Press: ? - help, Q - select action, (/) - cycle Shift-Dir - straight line, f/p - Edmund
Aim: Edmund, wielding a +2 vorpal dire flail and wearing a +0 scale mail (61% to hit)
You shoot a stone. The stone closely misses Edmund.
Edmund drinks a potion.
Edmund flickers and vanishes!
Deactivating autopickup; reactivate with Ctrl-A.
Your +0 hunting sling of flaming stops flaming.
e - a +0 scimitar (weapon)
Something hits you!
You miss something. Something hits you! Something hits you but does no damage.
You hit something but do no damage. Your headbutt misses something.
Something hits you but does no damage.
You miss something. Your headbutt misses something. Something hits you.
You slash something! Something hits you!
* * * LOW HITPOINT WARNING * * *
You hit something. You headbutt something. Something hits you.
* * * LOW HITPOINT WARNING * * *
x2 Something hits you but does no damage.
You closely miss Edmund. You headbutt Edmund.
Edmund is heavily wounded.
Edmund hits you with a +2 vorpal dire flail.
* * * LOW HITPOINT WARNING * * *
x2 You closely miss Edmund.
Edmund is heavily wounded.
Edmund hits you with a +2 vorpal dire flail.
* * * LOW HITPOINT WARNING * * *
x2 You closely miss Edmund.
Edmund is heavily wounded.
Edmund barely misses you.
Edmund hits you with a +2 vorpal dire flail!
You die...

####...##....##.##
#....##..##..#
#....##..# ...
##.#...#### .#
#..##..## . #..###..#
... ##.####..#
..#.(......
#@.###..##
...........##@.##...#
.............>###..##
..(...........##..#
## .
#...#########.##.##
..# .. ##... #..#.#
...# ...#...# ##...#
..... #......##
##..#......
##......## #.....#
###.....## ##..####
....


You could see Edmund.

Vanquished Creatures
  2 ogres (D:4)
  A hound (D:4)
  2 orc priests (D:4)
  An orc wizard (D:4)
  3 adders
  4 gnolls (D:3)
  A dart slug (D:1)
  4 orcs
  4 bats
  9 endoplasms
  7 goblins
  3 hobgoblins
  A kobold (D:1)
  3 quokkas
  3 ball pythons
  5 frilled lizards
  A quokka skeleton (D:4)
  7 rats
61 creatures vanquished.

Notes
Turn   | Place    | Note
-------+----------+-------------------------------------------
     0 | D:1      | alasdair19 the Minotaur Fighter began the quest for the
                  | Orb.
     0 | D:1      | Reached XP level 1. HP: 19/19 MP: 0/0
   286 | D:1      | Reached XP level 2. HP: 22/27 MP: 1/1
   806 | D:1      | Reached XP level 3. HP: 30/33 MP: 2/2
  2696 | D:3      | Found a faded altar of an unknown god.
  2904 | D:3      | Reached XP level 4. HP: 36/40 MP: 3/3
  2935 | D:3      | Found a runed translucent door.
  2937 | D:3      | Noticed ioannis32's ghost (amateur DsBe)
  3641 | D:4      | Reached XP level 5. HP: 33/47 MP: 4/4
  4006 | D:4      | Reached skill level 5 in Long Blades
  4093 | D:4      | Noticed an ogre
  4094 | D:4      | Noticed an ogre
  4112 | D:4      | Found Xeasem's Firing Range.
  4115 | D:4      | Killed an ogre
  4116 | D:4      | Reached skill level 5 in Fighting
  4116 | D:4      | Reached skill level 1 in Dodging
  4116 | D:4      | Reached XP level 6. HP: 29/56 MP: 5/5
  4119 | D:4      | Reached skill level 5 in Shields
  4307 | D:4      | Bought a +0 hunting sling of flaming for 56 gold pieces
  4328 | D:4      | Noticed Edmund
  4375 | D:4      | Slain by Edmund

Illustrated notes

Levels and vault maps discovered:
D:1:      dpeg_arrival_tiny_f, layout_loops_ring, minmay_hexomino_c4
D:2:      layout_loops_ring, serial_park_tiny_1, serial_park_tiny_2,
          minmay_misc_feat_nine_boxes
D:3:      layout_basic, shapermc_ecumenical_altar_totnotflames,
          ebering_ghost_reflecting_pool, wad_floor_pattern_untrapped
D:4:      layout_layer_cave, nrook_mini_vaults, minmay_misc_feat_x,
          nicolae_shop_firing_range, uniq_duvessa, uniq_edmund

Skill      XL: |  1  2  3  4  5  6 |
---------------+-------------------+-----
Armour         | 4 |  4.4
Long Blades    | 3 4 5 |  5.8
Fighting       | 4 5 |  5.1
Shields        | 4 5 |  5.1
Dodging        | 1 |  1.1
Slings         | |  0.5
Throwing       | |  0.1
Stealth        | |  0.2

Action                   |  1- 3 |  4- 6 || total
-------------------------+-------+-------++-------
Melee: Long sword        |    81 |       ||    81
       Headbutt          |     9 |    13 ||    22
       Scimitar          |    12 |    62 ||    74
 Fire: Hunting sling     |       |     6 ||     6
Throw: Throwing net      |       |     1 ||     1
  Use: Potion            |       |     2 ||     2
Armor: Scale mail        |    58 |    21 ||    79
Dodge: Dodged            |    25 |    13 ||    38
Block: Kite shield       |    45 |    26 ||    71
       Rpst.: Long sword |     5 |       ||     5
       Scimitar          |       |     6 ||     6
